 Dungeon Crawl Stone Soup version 0.16.2-3-ga078185 (webtiles) character file.

37 gorblad the Skirmisher (level 3, -1/29 HPs)
             Began as a Demonspawn Berserker on Sept 8, 2015.
             Was a Believer of Trog.
             Slain by a gnoll
             ... wielding a +0 spear
              (7 damage)
             ... on level 2 of the Dungeon.
             The game lasted 00:03:23 (1180 turns).

gorblad the Skirmisher (Demonspawn Berserker)       Turns: 1180, Time: 00:03:23

Health: -1/29      AC:  0    Str: 18    XL:     3   Next: 23%
Magic:  3/3        EV: 12    Int:  8    God:    Trog [**....]
Gold:   67         SH:  0    Dex: 12    Spells: 0 memorised, 2 levels left

rFire  . . .     SeeInvis .     a - +0 falchion
rCold  . . .     Clarity  .     e - +0 leather armour
rNeg   . . .     SustAb   .     (no shield)
rPois  .         Gourm    .     (helmet restricted)
rElec  .         Spirit   .     (no cloak)
rCorr  +         Warding  .     (no gloves)
rMut   .         Stasis   .     (no boots)
MR     .....                    j - amulet of resist corrosion
Stlth  +.........               (no ring)
                                h - -3 ring of protection (curse)

@: lethally poisoned (-1 -> -18), not resistant to hostile enchantments, very
unstealthy
A: horns 1, spiny 1
a: Burn Spellbooks, Berserk, Trog's Hand, Renounce Religion


You were on level 2 of the Dungeon.
You worshipped Trog.
Trog was pleased with you.
You were not hungry.

You visited 1 branch of the dungeon, and saw 2 of its levels.

You collected 67 gold pieces.

Inventory:

Hand weapons
 a - a +0 falchion (weapon)
Armour
 b - a +0 animal skin
 e - a +0 leather armour (worn)
Jewellery
 f - an uncursed amulet of clarity
 h - a cursed -3 ring of protection (left hand)
 j - an amulet of resist corrosion (around neck)
Potions
 d - a potion of brilliance
Comestibles
 c - a bread ration
 g - a beef jerky
 k - a chunk of flesh


   Skills:
 + Level 3.5 Fighting
 + Level 3.1 Long Blades
 + Level 2.0 Armour
 + Level 2.2 Dodging


You had 2 spell levels left.
You didn't know any spells.

Dungeon Overview and Level Annotations

Branches:
Dungeon (2/15)

Altars:
Nemelex Xobeh


Innate Abilities, Weirdness & Mutations

You have a pair of small horns on your head.
You are partially covered in sharp spines.


Message History

A gnoll comes into view.
A giant newt comes into view.
The gnoll shouts!
The gnoll hits you with a spear!
You slash the gnoll!
The gnoll is heavily wounded.
The gnoll hits you with a flail of venom!
* * * LOW HITPOINT WARNING * * *
You are lethally poisoned!
You are too injured to fight recklessly!
You are too injured to fight recklessly!
You are too injured to fight recklessly!
You are too injured to fight recklessly!
You are too injured to fight recklessly!
You closely miss the gnoll. You headbutt the gnoll.
The gnoll is moderately wounded.
* * * LOW HITPOINT WARNING * * *
You feel sick.
The gnoll hits you from afar with a spear!
You die...

...###,,,,*,**,...,,**,,,....,,,,
####***,,**,***#....#*,*.....,,,,
# **,,****,,,,,......,,......,,**
*,,,,,,,..#*,.)...,,.......,,,,
*,,,,,,....###...#**.......##**
#...,**#...#..l..* *........###
#...#*##.....#gg** *#.........#
#...**#......gg## ##...##.#..
###..###........@.# #####.###....
#......##.>......####.....##.....
#......######....................
#......##..............(.........
#......##......†.................
.................................
#......##........................
#......##........................
#......############.....÷.<......


You could see 4 gnolls and a giant newt.

Vanquished Creatures
  An adder (D:2)
  A giant mite (D:2)
  2 giant cockroaches (D:1)
  A goblin (D:1)
  6 hobgoblins (D:1)
  4 jackals (D:2)
  A ball python (D:1)
  2 bats
  A giant newt (D:1)
  A kobold (D:1)
  A quokka (D:2)
  2 rats
23 creatures vanquished.

Notes
Turn   | Place    | Note
--------------------------------------------------------------
     0 | D:1      | gorblad, the Demonspawn Berserker, began the quest for the Orb.
     0 | D:1      | Reached XP level 1. HP: 18/18 MP: 1/1
   128 | D:1      | Gained mutation: You are partially covered in sharp spines. [demonic ancestry]
   128 | D:1      | Reached XP level 2. HP: 17/24 MP: 2/2
   353 | D:1      | Found a sparkling altar of Nemelex Xobeh.
  1024 | D:2      | Gained mutation: You have a pair of small horns on your head. [demonic ancestry]
  1024 | D:2      | Reached XP level 3. HP: 27/29 MP: 3/3
  1096 | D:2      | Acquired Trog's second power
  1180 | D:2      | Slain by a gnoll

Action                   || total
-------------------------++-------
Melee: Falchion          ||    84
  Use: Scroll            ||     3
       Potion            ||     1
  Eat: Chunk             ||     1
